 Dungeon Crawl Stone Soup version 0.27.1-1-g398f81649c (webtiles) character file.

Game seed: 9546673098649195855

1171 MisterFreud the Shield-Bearer (level 8, -6/67 HPs)
             Began as a Gnoll Fighter on Sept 12, 2021.
             Killed by divine providence
             ... invoked by an orc priest
              (12 damage)
             ... on level 6 of the Dungeon.
             The game lasted 00:05:55 (5682 turns).

MisterFreud the Shield-Bearer (Gnoll Fighter)       Turns: 5682, Time: 00:05:56

Health: -6/67      AC: 10    Str: 16    XL:     8   Next: 41%
Magic:  9/12       EV:  9    Int:  9    God:
Gold:   155        SH: 10    Dex: 12    Spells: 13/13 levels left

rFire    . . .     SeeInvis .   f - +1 dagger (venom)
rCold    . . .     Faith    .   c - +0 kite shield
rNeg     . . .     Spirit   .   b - +0 scale mail
rPois    .         Reflect  .   (no helmet)
rElec    .         Harm     .   (no cloak)
rCorr    .         Rampage  .   v - +1 pair of gloves {Stlth+}
Will     .....                  (no boots)
Stlth    ++........             (no amulet)
HPRegen  0.21/turn              (no ring)
MPRegen  0.13/turn              (no ring)

@: no status effects
A: fangs 1, strong nose, distributed training
a: no special abilities


You were on level 6 of the Dungeon.
You visited 1 branch of the dungeon, and saw 6 of its levels.

You collected 155 gold pieces.

Inventory:

Hand Weapons
 a - a +0 rapier
 f - a +1 dagger of venom (weapon)
Armour
 b - a +0 scale mail (worn)
 c - a +0 kite shield (worn)
 j - a +0 pair of gloves
 v - a +1 pair of gloves of stealth (worn)
Jewellery
 q - a ring of protection from fire
Wands
 k - a wand of flame (11)
 p - a wand of digging (3)
 u - a wand of acid (5)
Scrolls
 e - 6 scrolls of identify {unknown}
 g - 2 scrolls of fog {unknown}
 i - 2 scrolls of teleportation {unknown}
 l - a scroll of magic mapping {unknown}
 m - a scroll of summoning {unknown}
 n - a scroll of enchant weapon {unknown}
 t - a scroll of brand weapon {unknown}
Potions
 d - 2 potions of might
 h - a potion of degeneration {unknown}
 o - a potion of magic {unknown}
 r - a potion of brilliance {unknown}
 s - a potion of heal wounds {unknown}


   Skills:
 + Level 7.3 Fighting
 + Level 5.6 Short Blades
 + Level 3.2 Long Blades
 + Level 3.2 Axes
 + Level 3.2 Maces & Flails
 + Level 3.2 Polearms
 + Level 3.2 Staves
 + Level 3.2 Slings
 + Level 3.2 Bows
 + Level 3.2 Crossbows
 + Level 3.2 Throwing
 + Level 7.3 Armour
 + Level 3.2 Dodging
 + Level 3.2 Stealth
 + Level 7.3 Shields
 + Level 3.2 Unarmed Combat
 + Level 3.2 Spellcasting
 + Level 2.6 Conjurations
 + Level 2.6 Hexes
 + Level 2.6 Summonings
 + Level 2.6 Necromancy
 + Level 2.6 Translocations
 + Level 2.6 Transmutations
 + Level 2.6 Fire Magic
 + Level 2.6 Ice Magic
 + Level 2.6 Air Magic
 + Level 2.6 Earth Magic
 + Level 2.6 Poison Magic
 + Level 3.5 Invocations
 + Level 3.2 Evocations


You had 13 spell levels left.
You didn't know any spells.
Your spell library contained the following spells:

 Spells                   Type           Power      Damage    Failure   Level
 Sublimation of Blood     Necr           3%         N/A       77%         2
 Wereblood                Tmut           6%         N/A       77%         2
 Summon Hydra             Summ           3%         N/A       100%        7


Dungeon Overview and Level Annotations

Branches:
Dungeon (6/15)
 Temple: D:4-7

Altars:
Trog

Shops:
D:1 ?   D:2 !


Innate Abilities, Weirdness & Mutations

You have very sharp teeth.
Your uncanny sense of smell can sniff out nearby items.
Your experience applies equally to all skills.


Message History

The gnoll barely misses you.
The orc priest mumbles some strange prayers to Beogh against you.
Pain shoots through your body! The gnoll hits you with a +0 spear.
You barely miss the gnoll. The gnoll hits you but does no damage.
You closely miss the gnoll. The gnoll completely misses you.
The orc priest mumbles some strange prayers to Beogh against you.
Beogh smites you!
You hear a shout!
You hit the gnoll.
The gnoll is poisoned.
You bite the gnoll, but do no damage.
The gnoll is moderately wounded.
The gnoll closely misses you. The gnoll hits you but does no damage.
You hit the gnoll but do no damage.
The gnoll looks as sick as possible!
The gnoll is moderately wounded.
An orc wizard comes into view. It is wielding a +0 dagger.
The gnoll hits you but does no damage. The gnoll barely misses you.
You block the gnoll's attack.
The orc priest mumbles some strange prayers to Beogh against you.
Beogh smites you!
You kill the gnoll!
The orc priest calls down the wrath of Beogh upon you.
Beogh smites you!
* * * LOW HITPOINT WARNING * * *
An orc comes into view. It is wielding a +0 falchion.
The orc shouts!
You block the orc's attack. You block the gnoll's attack.
You hit the orc.
The orc is poisoned.
Your bite misses the orc.
The orc is moderately wounded.
The gnoll hits you but does no damage. You block the orc's attack.
The orc priest calls down the wrath of Beogh upon you.
Beogh smites you!
* * * LOW HITPOINT WARNING * * *
You hit the orc.
The orc is poisoned.
The orc is severely wounded.
The orc closely misses you. The gnoll hits you but does no damage.
You block the orc's attack.
The orc priest invokes the aid of Beogh against you.
Beogh smites you!
You die...

#.# #.# ## #.#
#...######.#
...........######
...###.....)...#
#.#g.####.# #)#o....#$#
#.#@###.#)###
#.#o)..(....#
#.#.o##...[.#
#.####.#o.......?....#
......oo...##.....#?..#
.#............#.........
######.#..##....##...##
#.#..####.## #### #.....
..#


You could see 2 orc priests, a gnoll and 2 orcs.

Vanquished Creatures
  Eustachio (D:5)
  An ice beast (D:3)
  A sky beast (D:6)
  An ogre (D:4)
  A bullfrog (D:6)
  A gnoll sergeant (D:6)
  A scorpion (D:5)
  3 water moccasin skeletons (D:5)
  A bullfrog skeleton (D:4)
  A centaur skeleton (D:4)
  4 iguanas
  An orc wizard (D:4)
  7 adders
  6 gnolls
  A worm (D:2)
  2 dart slugs
  11 orcs
  8 ball pythons
  9 endoplasms
  2 giant cockroaches
  11 goblins
  13 hobgoblins
  13 kobolds
  4 quokkas
  7 bats
  4 frilled lizards
  5 rats
120 creatures vanquished.

Notes
Turn   | Place    | Note
-------+----------+-------------------------------------------
     0 | D:1      | MisterFreud the Gnoll Fighter began the quest for the Orb.
     0 | D:1      | Reached XP level 1. HP: 23/23 MP: 1/1
   161 | D:1      | Reached XP level 2. HP: 29/29 MP: 2/2
   517 | D:1      | Reached XP level 3. HP: 34/35 MP: 3/3
   926 | D:1      | Found Gofeofem's Magic Scroll Shoppe.
  1108 | D:2      | Reached skill level 1 in Invocations
  1379 | D:2      | Reached skill level 1 in Long Blades
  1379 | D:2      | Reached skill level 1 in Axes
  1379 | D:2      | Reached skill level 1 in Maces & Flails
  1379 | D:2      | Reached skill level 1 in Polearms
  1379 | D:2      | Reached skill level 1 in Staves
  1379 | D:2      | Reached skill level 1 in Slings
  1379 | D:2      | Reached skill level 1 in Bows
  1379 | D:2      | Reached skill level 1 in Crossbows
  1379 | D:2      | Reached skill level 1 in Throwing
  1379 | D:2      | Reached skill level 1 in Dodging
  1379 | D:2      | Reached skill level 1 in Stealth
  1379 | D:2      | Reached skill level 1 in Unarmed Combat
  1379 | D:2      | Reached skill level 1 in Spellcasting
  1379 | D:2      | Reached skill level 1 in Evocations
  1379 | D:2      | Reached XP level 4. HP: 41/41 MP: 5/5
  1469 | D:2      | Found Vuenk's Distillery.
  2353 | D:3      | Reached skill level 1 in Conjurations
  2353 | D:3      | Reached skill level 1 in Hexes
  2353 | D:3      | Reached skill level 1 in Summonings
  2353 | D:3      | Reached skill level 1 in Necromancy
  2353 | D:3      | Reached skill level 1 in Translocations
  2353 | D:3      | Reached skill level 1 in Transmutations
  2353 | D:3      | Reached skill level 1 in Fire Magic
  2353 | D:3      | Reached skill level 1 in Ice Magic
  2353 | D:3      | Reached skill level 1 in Air Magic
  2353 | D:3      | Reached skill level 1 in Earth Magic
  2353 | D:3      | Reached skill level 1 in Poison Magic
  2573 | D:3      | Reached XP level 5. HP: 47/47 MP: 6/6
  2683 | D:3      | Noticed an ice beast
  2702 | D:3      | HP: 2/47 [ice beast (8)]
  2713 | D:3      | Killed an ice beast
  3234 | D:3      | Reached XP level 6. HP: 53/53 MP: 8/8
  3527 | D:4      | Reached skill level 5 in Short Blades
  4144 | D:4      | Reached XP level 7. HP: 49/59 MP: 10/10
  4511 | D:4      | Found a bloodstained altar of Trog.
  4601 | D:5      | Entered Level 5 of the Dungeon
  4732 | D:5      | Noticed Eustachio
  4756 | D:5      | HP: 3/60 [iron imp[Eustachio] (8)]
  5070 | D:5      | Killed Eustachio
  5189 | D:5      | Reached XP level 8. HP: 21/67 MP: 12/12
  5682 | D:6      | Killed from afar by an orc priest

Illustrated notes

Levels and vault maps discovered:
D:1:      grunt_arrival_lava_bath, layout_loops_ring, serial_shops,
          nicolae_shop_behind_doors
D:2:      layout_basic, serial_shops, shop, serial_rivers,
          chequers_serial_rivers_micro_c, chequers_serial_rivers_micro_c,
          chequers_serial_rivers_micro_e, chequers_serial_rivers_small_b,
          st_stairs_11
D:3:      corexii_shack_village, layout_basic, minmay_splitting_lines,
          minmay_box_of_dots
D:4:      layout_loops_ring, mainiacjoe_overflow_alcove_2
D:5:      layout_basic, minmay_temple_entry_junction, serial_shops,
          shop_fountains, st_stairs_11, nicolae_shop_firing_range,
          uniq_eustachio
D:6:      layout_loops_ring

Skill      XL: |  1  2  3  4  5  6  7  8 |
---------------+-------------------------+-----
Invocations    | 1 2 3 |  3.5
Long Blades    | 1 2 3 |  3.2
Axes           | 1 2 3 |  3.2
Maces & Flails | 1 2 3 |  3.2
Polearms       | 1 2 3 |  3.2
Staves         | 1 2 3 |  3.2
Slings         | 1 2 3 |  3.2
Bows           | 1 2 3 |  3.2
Crossbows      | 1 2 3 |  3.2
Throwing       | 1 2 3 |  3.2
Dodging        | 1 2 3 |  3.2
Stealth        | 1 2 3 |  3.2
Unarmed Combat | 1 2 3 |  3.2
Spellcasting   | 1 2 3 |  3.2
Evocations     | 1 2 3 |  3.2
Conjurations   | 1 2 |  2.6
Hexes          | 1 2 |  2.6
Summonings     | 1 2 |  2.6
Necromancy     | 1 2 |  2.6
Translocations | 1 2 |  2.6
Transmutations | 1 2 |  2.6
Fire Magic     | 1 2 |  2.6
Ice Magic      | 1 2 |  2.6
Air Magic      | 1 2 |  2.6
Earth Magic    | 1 2 |  2.6
Poison Magic   | 1 2 |  2.6
Short Blades   | 5 |  5.6
Fighting       | 7 |  7.3
Armour         | 7 |  7.3
Shields        | 7 |  7.3

Action                   |  1- 3 |  4- 6 |  7- 9 || total
-------------------------+-------+-------+-------++-------
Melee: Rapier            |    78 |       |       ||    78
       Bite              |     8 |    24 |    23 ||    55
       Dagger            |    29 |   234 |   173 ||   436
Evoke: Wand              |       |     3 |       ||     3
Armor: Scale mail        |    36 |    71 |    81 ||   188
Dodge: Dodged            |    20 |    64 |    76 ||   160
Block: Kite shield       |    48 |    99 |   104 ||   251
